 Dungeon Crawl Stone Soup version 0.31-a0-833-gc15d34cb79 (webtiles) character file.

Game seed: 13399978591155433171

42 Kurtz the Chopper (level 3, -3/26 HPs)
             Began as an Octopode Fighter on Sept 25, 2023.
             Slain by a goblin
             ... wielding a +0 club
              (4 damage)
             ... on level 2 of the Dungeon.
             The game lasted 00:00:27 (1041 turns).

Kurtz the Chopper (Octopode Fighter)                Turns: 1041, Time: 00:00:28

Health: -3/26      AC:  1    Str: 17    XL:     3   Next: 56%
Magic:  3/3        EV: 13    Int: 10    God:
Gold:   48         SH:  4    Dex: 11    Spells: 2/2 levels left

rFire   . . .        a - +0 war axe
rCold   . . .        b - +0 buckler
rNeg    . . .        (helmet restricted)
rPois   .            (no amulet)
rElec   .            (no ring)
rCorr   .            (no ring)
SInv    .            (no ring)
Will    .....        (no ring)
Stlth   ++           (no ring)
HPRegen 0.24/turn    (no ring)
MPRegen 0.08/turn    (no ring)
                     (no ring)

%: no passive effects
@: no status effects
A: almost no armour, amphibious, 8 rings, camouflage 1, gelatinous body 1,
(nimble swimmer 1), tentacles
a: no special abilities


You were on level 2 of the Dungeon.
You visited 1 branch of the dungeon, and saw 2 of its levels.

You collected 48 gold pieces.

Inventory:

Hand Weapons
 a - a +0 war axe (weapon)
Missiles
 i - 2 boomerangs
Armour
 b - a +0 buckler (worn)
Scrolls
 d - a scroll of enchant armour {unknown}
 e - a scroll of vulnerability {unknown}
 f - a scroll of teleportation {unknown}
Potions
 c - a potion of might
 g - a potion of attraction {unknown}
 h - a potion of magic {unknown}


   Skills:
 - Level 3.0 Fighting
 * Level 3.8 Axes
 - Level 3.0 Dodging
 - Level 3.0 Shields


You had 2 spell levels left.
You didn't know any spells.
Your spell library was empty.

Dungeon Overview and Level Annotations

Branches:
Dungeon (2/15)

Altars:


Innate Abilities, Weirdness & Mutations

You cannot wear most types of armour.
You are amphibious.
You can wear up to eight rings at the same time.
Your skin changes colour to match your surroundings (Stealth+).
Your rubbery body absorbs attacks. (AC +1, EV +1)
((You are camouflaged when in or above water. (Stealth+)))
You have tentacles for arms and can constrict up to eight enemies at once.


Message History

You are frozen.
The ball python bites you. The ball python constricts you.
Unknown command.
There are monsters nearby!
You are too injured to fight recklessly!
Unknown command.
There are monsters nearby!
You are too injured to fight recklessly!
You are too injured to fight recklessly!
There are monsters nearby!
You are too injured to fight recklessly!
Unknown command.
There are monsters nearby!
You are too injured to fight recklessly!
Unknown command.
You are too injured to fight recklessly!
You barely miss the ball python. You grab the ball python.
You slash the endoplasm!
You kill the endoplasm!
You constrict the ball python, but do no damage.
You block the ball python's attack. The ball python constricts you.
The ball python bites you. The ball python constricts you.
You barely miss the ball python. You barely miss the goblin.
You constrict the ball python. The goblin completely misses you.
The ball python bites you.
* * * LOW HITPOINT WARNING * * *
The ball python constricts you.
* * * LOW HITPOINT WARNING * * *
The goblin hits you with a +0 club.
* * * LOW HITPOINT WARNING * * *
You slash the ball python!
You kill the ball python!
You barely miss the goblin. The goblin closely misses you.
You are too injured to fight recklessly!
Unknown command.
You are too injured to fight recklessly!
You barely miss the goblin. Your grab misses the goblin.
The goblin hits you with a +0 club.
* * * LOW HITPOINT WARNING * * *
The goblin hits you with a +0 club.
You die...

###.....# #..#### .#
#..# ..
#..#######.### .###
#..........#$[ ...#.#
#.#######.. ..#..
#.## #.# .$.###...
#.# ###.g...... #.#
#..@# #.# #.########
#(..# #.#
#........#.###.####.#
########.#..........#
#.##########.# #.#
#.# #.##########.#
#............#
##############


You could see a goblin.

Vanquished Creatures
  2 adders (D:2)
  A dart slug (D:1)
  4 ball pythons
  3 endoplasms
  A giant cockroach (D:1)
  4 hobgoblins (D:1)
  2 quokkas (D:1)
  A bat (D:1)
  A frilled lizard (D:2)
  A kobold (D:1)
20 creatures vanquished.

Notes
Turn   | Place    | Note
-------+----------+-------------------------------------------
     0 | D:1      | Kurtz the Octopode Fighter began the quest for the Orb.
     0 | D:1      | Reached XP level 1. HP: 16/16 MP: 1/1
   129 | D:1      | Reached XP level 2. HP: 19/21 MP: 2/2
   810 | D:2      | Reached XP level 3. HP: 17/26 MP: 3/3
  1041 | D:2      | HP: 1/26 [goblin/+0 club (3)]
  1041 | D:2      | Slain by a goblin

Illustrated notes

Levels and vault maps discovered:
D:1:      dpeg_arrival_concentric_ovals, layout_basic
D:2:      layout_loops_ring, chequers_big_river, minmay_octomino_c4

Skill      XL: |  1  2 |
---------------+-------+-----
Axes           | 3 |  3.8
Fighting       | |  3.0
Dodging        | |  3.0
Shields        | |  3.0

Action                     || total
---------------------------++-------
  Melee: War axe           ||    29
         Constrict         ||     6
         Punch             ||     1
         Tentacles         ||     4
   Stab: Sleeping          ||     7
 Armour: Skin              ||    11
  Dodge: Dodged            ||     7
  Block: Buckler           ||     7

Table legend: (Time is in decaauts)
 A = Elapsed time spent in this place.
 B = Non-inter-level travel time spent in this place.
 C = Inter-level travel time spent in this place.
 D = Time resting spent in this place.
 E = Time spent auto-exploring this place.
 F = Levels seen in this place.
 G = Mean time per level.
                   A        B        C        D        E       F      G
               +--------+--------+--------+--------+--------+-----+--------+
         Total |   1052 |   1018 |     34 |      0 |    889 |   2 |  526.0 |
       Dungeon |   1052 |   1018 |     34 |      0 |    889 |   2 |  526.0 |
               +--------+--------+--------+--------+--------+-----+--------+

Top non-repeatable levels by time:
     D:1: 786 daAuts
     D:2: 266 daAuts
